 Dungeon Crawl Stone Soup version 0.29.1-2-gbd0b4ee654 (webtiles) character file.

Game seed: 8588218148678528523

324 minbekrie the Insei (level 6, 0/42 HPs)
             Began as an Octopode Transmuter on Oct 28, 2022.
             Slain by a black bear (4 damage)
             ... on level 5 of the Dungeon.
             The game lasted 00:31:12 (4442 turns).

minbekrie the Insei (Octopode Transmuter)           Turns: 4442, Time: 00:31:15

Health: 0/42       AC:  1    Str: 10    XL:     6   Next: 48%
Magic:  9/9        EV: 13    Int: 15    God:
Gold:   294        SH:  0    Dex: 14    Spells: 8/9 levels left

rFire   . . .      SeeInvis .     - Unarmed
rCold   + . .      Faith    .   (no shield)
rNeg    . . .      Spirit   .   (helmet restricted)
rPois   .          Reflect  .   (no amulet)
rElec   .          Harm     .   l - ring of protection from cold
rCorr   .          Rampage  .   (no ring)
Will    .....                   (no ring)
Stlth   ++........              (no ring)
HPRegen 0.14/turn               (no ring)
MPRegen 0.11/turn               (no ring)
                                (no ring)
                                (no ring)

@: no status effects
A: almost no armour, amphibious, 8 rings, camouflage 1, gelatinous body 1,
(nimble swimmer 1), tentacles
a: no special abilities


You were on level 5 of the Dungeon.
You visited 1 branch of the dungeon, and saw 5 of its levels.

You collected 294 gold pieces.

Inventory:

Missiles
 g - 4 curare-tipped darts
 s - 6 poisoned darts (quivered)
Jewellery
 l - a ring of protection from cold (left tentacle)
Scrolls
 c - a scroll of fear {unknown}
 d - a scroll of immolation {unknown}
 f - 5 scrolls of teleportation {unknown}
 i - 2 scrolls of fog {unknown}
 j - a scroll of vulnerability {unknown}
 m - a scroll of identify {unknown}
 q - a scroll of torment {unknown}
 r - a scroll of noise {unknown}
Potions
 a - a potion of lignification
 b - 2 potions of cancellation {unknown}
 e - a potion of brilliance {unknown}
 h - 2 potions of mutation {unknown}
 k - 5 potions of curing {unknown}
 n - a potion of attraction {unknown}
 o - 2 potions of degeneration {unknown}
 p - 2 potions of heal wounds {unknown}


   Skills:
 + Level 3.5 Fighting
 - Level 2.0 Dodging
 + Level 4.5 Unarmed Combat
 - Level 2.0 Spellcasting
 - Level 4.3 Transmutations


You had 8 spell levels left.
You knew the following spells:

 Your Spells              Type           Power      Damage    Failure   Level
a - Beastly Appendage     Tmut           28%        N/A       3%          1

Your spell library contained the following spells:

 Spells                   Type           Power      Damage    Failure   Level
 Wereblood                Tmut           14%        N/A       5%          2
 Spider Form              Tmut/Pois      8%         N/A       26%         3
 Ice Form                 Ice/Tmut       8%         N/A       65%         4


Dungeon Overview and Level Annotations

Branches:
Dungeon (5/15)
 Temple: D:4-7

Altars:
Trog

Shops:
D:3 [


Innate Abilities, Weirdness & Mutations

You cannot wear most types of armour.
You are amphibious.
You can wear up to eight rings at the same time.
Your skin changes colour to match your surroundings (Stealth+).
Your rubbery body absorbs attacks. (AC +1, EV +1)
((You are camouflaged when in or above water. (Stealth+)))
You have tentacles for arms and can constrict up to eight enemies at once.


Message History

The adder barely misses you.
You barely miss the adder. Your grab misses the adder. You squeeze the adder.
The adder is severely wounded.
The adder misses you.
You barely miss the adder. Your grab misses the adder.
Your tentacle spike misses the adder.
The adder is severely wounded.
The adder barely misses you.
You tentacle-slap the adder but do no damage.
You grab the adder. You tentacle-slap the adder.
You kill the adder!
You tentacle-slap the black bear. Your grab misses the black bear.
Your tentacle spike misses the black bear.
The black bear is lightly wounded.
The black bear closely misses you. The black bear claws you. x2
You barely miss the black bear. Your grab misses the black bear.
You squeeze the black bear!
The black bear is heavily wounded.
The black bear barely misses you. The black bear closely misses you.
The black bear claws you.
You barely miss the black bear. Your grab misses the black bear.
You squeeze the black bear!
The black bear is almost dead.
Your tentacle spike disappears.
The black bear bites you!
* * * LOW HITPOINT WARNING * * *
The black bear barely misses you. The black bear misses you.
You closely miss the black bear. Your grab misses the black bear.
You squeeze the black bear, but do no damage.
The black bear is almost dead.
The black bear closely misses you. x2; The black bear claws you.
* * * LOW HITPOINT WARNING * * *
You tentacle-slap the black bear. You grab the black bear.
You squeeze the black bear, but do no damage.
The black bear is almost dead.
You constrict the black bear. The black bear closely misses you.
The black bear claws you.
* * * LOW HITPOINT WARNING * * *
The black bear claws you.
You die...

. ####### .. # #.....###
#..#.#.####.###.#.##.#.
#............<.........
.....#..#.###.#.#.####.
.....#..h@..#.#.# #
.(.(....#.#...#.#+####.
........#.#####........
..........#...#......#. .
#####...............#
#.##.$....###.#..<##+#...
...........#.##### ..
.........#...# #
#.##.#..#.#.#


You could see a black bear.

Vanquished Creatures
  A scorpion (D:4)
  A hound (D:5)
  2 iguanas
  7 adders
  4 gnolls (D:2)
  A worm (D:4)
  2 dart slugs
  3 orcs
  5 endoplasms
  2 giant cockroaches
  6 goblins
  9 hobgoblins
  3 jackals (D:3)
  3 kobolds
  4 quokkas
  8 ball pythons
  5 bats
  2 frilled lizards (D:1)
  5 rats
73 creatures vanquished.

Notes
Turn   | Place    | Note
-------+----------+-------------------------------------------
     0 | D:1      | minbekrie the Octopode Transmuter began the quest for the
                  | Orb.
     0 | D:1      | Reached XP level 1. HP: 13/13 MP: 3/3
   696 | D:1      | Reached XP level 2. HP: 18/18 MP: 3/5
   802 | D:1      | Found a faded altar of an unknown god.
   971 | D:1      | Reached XP level 3. HP: 19/23 MP: 6/6
  1321 | D:2      | Reached XP level 4. HP: 18/28 MP: 5/7
  2415 | D:3      | Found Qenlik's Armour Emporium.
  2609 | D:3      | Reached XP level 5. HP: 34/34 MP: 6/8
  2829 | D:3      | Found a bloodstained altar of Trog.
  3391 | D:4      | Reached XP level 6. HP: 30/42 MP: 9/9
  3759 | D:4      | Identified the +0 pair of boots "Ehaj" {+Blink}
  4296 | D:5      | Entered Level 5 of the Dungeon
  4397 | D:5      | Noticed a black bear
  4442 | D:5      | Slain by a black bear

Illustrated notes

Levels and vault maps discovered:
D:1:      spicycebolla_green_bress_n_ham_2, layout_basic,
          chequers_ecumenical_altar_simple_redux
D:2:      layout_basic, nicolae_elevator_lobby_asterisk
D:3:      layout_basic, mainiacjoe_overflow_brackets, serial_shops,
          nicolae_shop_crystal
D:4:      layout_loops_ring, minmay_fractal_squares_gapless_5
D:5:      layout_basic, tso_metal_star, nicolae_hepliaklqana_hippocampus,
          led_sif_book, mainiacjoe_overflow_surrounded_room

Skill      XL: |  1  2  3  4  5 |
---------------+----------------+-----
Unarmed Combat | 4 |  4.5
Transmutations | 3 4 |  4.3
Fighting       | 2 3 |  3.5
Dodging        | |  2.0
Spellcasting   | |  2.0

Action                   |  1- 3 |  4- 6 || total
-------------------------+-------+-------++-------
Melee: Unarmed           |    55 |    98 ||   153
       Constrict         |    14 |    29 ||    43
       Tentacles         |    16 |    21 ||    37
       Kick              |    15 |    32 ||    47
       Punch             |       |     1 ||     1
Throw: Dart              |       |     1 ||     1
 Cast: Beastly Appendage |    20 |    31 ||    51
 Stab: Sleeping          |       |     5 ||     5
Armor: Skin              |     2 |     4 ||     6
Dodge: Dodged            |    33 |    53 ||    86
